 Dungeon Crawl Stone Soup version 0.30-a0-989-g0d87f670db (webtiles) character file.

Game seed: 10272445483937664635

335 Hubris850 the Insei (level 6, 0/47 HPs)
             Began as a Gnoll Transmuter on Apr 3, 2023.
             Was a High Priest of Ignis.
             Slain by Pikel
             ... wielding a +0 whip of freezing
              (3 damage)
             ... on level 5 of the Dungeon.
             The game lasted 00:08:29 (3233 turns).

Hubris850 the Insei (Gnoll Transmuter)              Turns: 3233, Time: 00:08:30

Health: 0/47       AC:  2    Str: 10    XL:     6   Next: 53%
Magic:  18/23      EV: 37    Int: 14    God:    Ignis [*****.]
Gold:   271        SH:  0    Dex: 17    Spells: 9/15 levels left

rFire   + . .      SeeInvis .      - Unarmed
rCold   . . .      Faith    .    (shield currently unavailable)
rNeg    . . .      Spirit   .    r - melded +0 robe {Will+}
rPois   x          Reflect  .    (helmet currently unavailable)
rElec   .          Rampage  .    (cloak currently unavailable)
rCorr   .                        i - melded +0 pair of gloves
Will    .....                    (boots currently unavailable)
Stlth   ++                       x - amulet of the acrobat
HPRegen 0.27/turn                v - ring of magical power
MPRegen 0.18/turn                (no ring)

@: spider-form, acrobatic, very slightly contaminated
A: venomous fangs, tiny, (fangs 1), strong nose, distributed training
a: End Transformation, Renounce Religion, Fiery Armour, Foxfire Swarm, Rising
Flame


You were on level 5 of the Dungeon.
You worshipped Ignis.
Ignis was extremely pleased with you.
You were a venomous arachnid creature.
You visited 1 branch of the dungeon, and saw 5 of its levels.

You collected 271 gold pieces.

Inventory:

Missiles
 d - 6 poisoned darts
 f - 3 boomerangs of dispersal
 y - 2 boomerangs
Armour
 a - a +0 robe
 i - a +0 pair of gloves (melded)
 r - a +0 robe of willpower (melded)
Jewellery
 j - an amulet of magic regeneration
 v - a ring of magical power (left front pincers)
 x - an amulet of the acrobat (around neck)
Wands
 w - a wand of flame (1)
Scrolls
 g - 2 scrolls of enchant armour {unknown}
 m - 2 scrolls of identify {unknown}
 n - 2 scrolls of poison {unknown}
 p - a scroll of fear {unknown}
 s - a scroll of noise {unknown}
 u - a scroll of fog {unknown}
 z - a scroll of immolation {unknown}
Potions
 b - a potion of lignification
 c - 4 potions of curing {unknown}
 e - 4 potions of degeneration {unknown}
 h - a potion of brilliance {unknown}
 k - a potion of berserk rage {unknown}
 l - a potion of heal wounds {unknown}
 o - a potion of ambrosia {unknown}
 q - 3 potions of flight {unknown}
 t - a potion of mutation {unknown}
 A - a potion of attraction {unknown}


   Skills:
 + Level 3.3 Fighting
 + Level 2.1 Short Blades
 + Level 2.1 Long Blades
 + Level 2.1 Axes
 + Level 2.1 Maces & Flails
 + Level 2.1 Polearms
 + Level 2.1 Staves
 + Level 2.1 Ranged Weapons
 + Level 2.1 Throwing
 + Level 2.1 Armour
 + Level 5.0 Dodging
 + Level 2.1 Stealth
 + Level 2.1 Shields
 + Level 6.9 Unarmed Combat
 + Level 5.4 Spellcasting
 + Level 1.6 Conjurations
 + Level 1.6 Hexes
 + Level 1.6 Summonings
 + Level 1.6 Necromancy
 + Level 1.6 Translocations
 + Level 4.1 Transmutations
 + Level 1.6 Fire Magic
 + Level 1.6 Ice Magic
 + Level 1.6 Air Magic
 + Level 1.6 Earth Magic
 + Level 1.6 Poison Magic
 + Level 2.3 Invocations
 + Level 2.1 Evocations


You had 9 spell levels left.
You knew the following spells:

 Your Spells              Type           Power      Damage    Failure   Level
a - Beastly Appendage     Tmut           30%        N/A       11%         1
b - Wereblood             Tmut           15%        N/A       14%         2
c - Spider Form           Tmut/Pois      11%        N/A       34%         3

Your spell library contained the following spells:

 Spells                   Type           Power      Damage    Failure   Level
 Necrotise                Necr           32%        1d5       22%         1
 Vampiric Draining        Necr           8%         2d6       47%         3
 Ice Form                 Ice/Tmut       11%        N/A       67%         4
 Agony                    Necr           8%         N/A       98%         5


Dungeon Overview and Level Annotations

Branches:
Dungeon (5/15)
 Temple: D:4-7

Altars:
Hepliaklqana
Makhleb
Vehumet
Xom
Zin
Ignis

Annotations:
D:5 Pikel


Innate Abilities, Weirdness & Mutations

You are a venomous arachnid creature.
You have venomous fangs.
You are tiny and dextrous.
Your spellcasting is less reliable in this form.
Your armour is entirely melded.
You are incapable of wielding weapons or throwing items.
((You have very sharp teeth.))
Your uncanny sense of smell can sniff out nearby items.
Your experience applies equally to all skills.


Message History

That felt strangely unrewarding.
No target in view!
Pikel, Merchant of Souls comes into view.
He is wielding a +0 whip of freezing.
Your transformation is almost over.
Casting: Beastly Appendage (safe; 3% risk of failure)
Confirm with . or Enter, or press ? or * to list all spells.
You miscast Spider Form.
You are very lightly contaminated with residual magic.
Nothing appears to happen.
Pikel shouts!
Pikel says, "You'll feel the lick of my whip!"
Casting: Spider Form (dangerous; 16% risk of failure)
Confirm with . or Enter, or press ? or * to list all spells.
Your horns disappear.
Your talons disappear.
You turn into a venomous arachnid creature.
Your +0 pair of gloves melds into your body.
Your +0 robe of willpower melds into your body.
You feel less strong-willed.
A lemure comes into view.
Pikel hits you with a +0 whip of freezing!
Pikel freezes you!
The lemure shouts!
You hit Pikel.
Pikel is poisoned.
Pikel is lightly wounded.
Pikel misses you.
You completely miss Pikel.
Pikel is lightly wounded.
Pikel hits you with a +0 whip of freezing.
Pikel freezes you.
You hit Pikel but do no damage.
Pikel looks as sick as possible!
Pikel is lightly wounded.
Pikel hits you with a +0 whip of freezing!
* * * LOW HITPOINT WARNING * * *
Pikel freezes you.
* * * LOW HITPOINT WARNING * * *
Pikel attacks as you move away!
Pikel hits you with a +0 whip of freezing!
* * * LOW HITPOINT WARNING * * *
Pikel freezes you.
You die...

∆
#######################
........5.Ks..........#
#####################.#
#.# #.# #<# ###


You could see Pikel (extremely poisoned) and a lemure.

Vanquished Creatures
  An ogre (D:4)
  3 lemures (D:5)
  A crimson imp (D:3)
  A jelly (D:4)
  Terence (D:2)
  An orc wizard (D:4)
  3 gnolls (D:4)
  2 adders (D:2)
  5 dart slugs
  9 orcs
  4 bats
  5 endoplasms
  3 giant cockroaches
  6 goblins
  5 hobgoblins
  2 jackals (D:2)
  2 quokkas
  10 ball pythons
  2 frilled lizards
  5 kobolds
  7 rats
  A butterfly (D:3)
79 creatures vanquished.

Vanquished Creatures (others)
  20 foxfires (D:4)
20 creatures vanquished.

Grand Total: 99 creatures vanquished

Notes
Turn   | Place    | Note
-------+----------+-------------------------------------------
     0 | D:1      | Hubris850 the Gnoll Transmuter began the quest for the Orb.
     0 | D:1      | Reached XP level 1. HP: 17/17 MP: 6/6
   107 | D:1      | Reached XP level 2. HP: 21/23 MP: 5/7
   128 | D:1      | Learned a level 2 spell: Wereblood
   500 | D:1      | Reached skill level 5 in Spellcasting
   500 | D:1      | Reached XP level 3. HP: 26/28 MP: 7/9
   504 | D:1      | Learned a level 3 spell: Spider Form
   709 | D:1      | Found a faded altar of an unknown god.
   713 | D:1      | Prayed at the altar of an unknown god.
   713 | D:1      | Became a worshipper of Ignis, the Dying Flame
   747 | D:2      | Reached skill level 1 in Invocations
   805 | D:2      | Reached skill level 1 in Short Blades
   805 | D:2      | Reached skill level 1 in Long Blades
   805 | D:2      | Reached skill level 1 in Axes
   805 | D:2      | Reached skill level 1 in Maces & Flails
   805 | D:2      | Reached skill level 1 in Polearms
   805 | D:2      | Reached skill level 1 in Staves
   805 | D:2      | Reached skill level 1 in Ranged Weapons
   805 | D:2      | Reached skill level 1 in Throwing
   805 | D:2      | Reached skill level 1 in Armour
   805 | D:2      | Reached skill level 1 in Stealth
   805 | D:2      | Reached skill level 1 in Shields
   805 | D:2      | Reached skill level 1 in Evocations
   896 | D:2      | Noticed Terence
   961 | D:2      | Killed Terence
   962 | D:2      | Reached XP level 4. HP: 8/34 MP: 11/11
  1167 | D:2      | Reached skill level 1 in Conjurations
  1167 | D:2      | Reached skill level 1 in Hexes
  1167 | D:2      | Reached skill level 1 in Summonings
  1167 | D:2      | Reached skill level 1 in Necromancy
  1167 | D:2      | Reached skill level 1 in Translocations
  1167 | D:2      | Reached skill level 1 in Fire Magic
  1167 | D:2      | Reached skill level 1 in Ice Magic
  1167 | D:2      | Reached skill level 1 in Air Magic
  1167 | D:2      | Reached skill level 1 in Earth Magic
  1167 | D:2      | Reached skill level 1 in Poison Magic
  1804 | D:3      | Found a shimmering altar of Xom.
  2247 | D:3      | Found a radiant altar of Vehumet.
  2247 | D:3      | Found a burning altar of Makhleb.
  2257 | D:3      | Reached XP level 5. HP: 34/41 MP: 12/12
  2432 | D:4      | Noticed an ogre
  2435 | D:4      | Killed an ogre
  2436 | D:4      | Reached skill level 5 in Dodging
  2436 | D:4      | Reached XP level 6. HP: 44/47 MP: 14/14
  2478 | D:4      | Found a hazy altar of Hepliaklqana.
  2994 | D:4      | Found a glowing silver altar of Zin.
  2994 | D:4      | Noticed an angel
  3018 | D:5      | Entered Level 5 of the Dungeon
  3224 | D:5      | Noticed Pikel
  3233 | D:5      | Slain by Pikel

Illustrated notes

Levels and vault maps discovered:
D:1:      amcnicky_arrival_blooded_trapdoor, layout_basic,
          hellmonk_ecumenical_altar_leap_of_faith
D:2:      layout_basic, uniq_terence
D:3:      layout_rooms, grunt_temple_overflow_lords_of_destruction,
          xom_butterflies, small_statue_intersection, dreamdust_princess_bridge
D:4:      layout_basic, zin_angel, nicolae_overflow_hidden_temple
D:5:      layout_basic, uniq_menkaure, uniq_edmund, uniq_crazy_yiuf_cottage,
          uniq_pikel

Skill      XL: |  1  2  3  4  5 |
---------------+----------------+-----
Spellcasting   | 5 |  5.4
Invocations    | 1 2 |  2.3
Short Blades   | 1 2 |  2.1
Long Blades    | 1 2 |  2.1
Axes           | 1 2 |  2.1
Maces & Flails | 1 2 |  2.1
Polearms       | 1 2 |  2.1
Staves         | 1 2 |  2.1
Ranged Weapons | 1 2 |  2.1
Throwing       | 1 2 |  2.1
Armour         | 1 2 |  2.1
Stealth        | 1 2 |  2.1
Shields        | 1 2 |  2.1
Evocations     | 1 2 |  2.1
Conjurations   | 1 |  1.6
Hexes          | 1 |  1.6
Summonings     | 1 |  1.6
Necromancy     | 1 |  1.6
Translocations | 1 |  1.6
Fire Magic     | 1 |  1.6
Ice Magic      | 1 |  1.6
Air Magic      | 1 |  1.6
Earth Magic    | 1 |  1.6
Poison Magic   | 1 |  1.6
Fighting       | 3 |  3.3
Transmutations | 4 |  4.1
Dodging        | 5 |  5.0
Unarmed Combat | |  6.9

Action                     |  1- 3 |  4- 6 || total
---------------------------+-------+-------++-------
  Melee: Unarmed           |    74 |   139 ||   213
         Kick              |     9 |    35 ||    44
         Bite              |     3 |    12 ||    15
         Headbutt          |     5 |    14 ||    19
         Punch             |     1 |     3 ||     4
   Cast: Beastly Appendage |    15 |    30 ||    45
         Spider Form       |     1 |     2 ||     3
 Invoke: Foxfire Swarm     |       |     1 ||     1
   Stab: Sleeping          |     1 |       ||     1
 Armour: Robe              |     8 |    27 ||    35
  Dodge: Dodged            |    50 |    88 ||   138

Table legend: (Time is in decaauts)
 A = Elapsed time spent in this place.
 B = Non-inter-level travel time spent in this place.
 C = Inter-level travel time spent in this place.
 D = Time resting spent in this place.
 E = Time spent auto-exploring this place.
 F = Levels seen in this place.
 G = Mean time per level.
                   A        B        C        D        E       F      G
               +--------+--------+--------+--------+--------+-----+--------+
         Total |   3205 |   3136 |     69 |    326 |   2116 |   5 |  641.0 |
       Dungeon |   3205 |   3136 |     69 |    326 |   2116 |   5 |  641.0 |
               +--------+--------+--------+--------+--------+-----+--------+

Top non-repeatable levels by time:
     D:2: 1012 daAuts
     D:1: 723 daAuts
     D:4: 705 daAuts
     D:3: 552 daAuts
     D:5: 212 daAuts
